 Dungeon Crawl Stone Soup version 0.27-a0-333-gfa571bf19a (webtiles) character file.

Game seed: 5926511606158645899

28599 GEC the Stormcaller (level 13, -4/73 HPs)
             Began as a Tengu Air Elementalist on Feb 12, 2021.
             Was a High Priest of Qazlal.
             Slain by a boulder beetle (10 damage)
             ... while petrified by a basilisk
             ... on level 5 of the Lair of Beasts.
             The game lasted 00:53:39 (22057 turns).

GEC the Stormcaller (Tengu Air Elementalist)       Turns: 22057, Time: 00:53:39

Health: -4/73      AC: 15    Str:  8    XL:     13   Next: 39%
Magic:  35/35      EV:  2    Int: 23    God:    Qazlal [*****.]
Gold:   794        SH:  0    Dex: 16    Spells: 9/28 levels left

rFire    . . .     SeeInvis .   O - +3 rapier of Tontel {elec, *Slow rElec Int+3}
rCold    . . .     Faith    +   K - +0 buckler
rNeg     + + +     Spirit   .   y - +3 troll leather armour {Snorg}
rPois    ∞         Reflect  .   G - +2 hat
rElec    +         Harm     .   A - +2 cloak
rCorr    .         Rampage  .   (no gloves)
Will     .....                  (boots unavailable)
Stlth    +.........             C - amulet of faith
HPRegen  0.62/turn              d - ring of magical power
MPRegen  0.24/turn              a - +4 ring of slaying

@: petrified, protected from physical damage, flying quickly and evasively,
repel missiles, quick
A: beak, talons 3, able to fly
a: Stop Flying, Renounce Religion, Upheaval, Elemental Force, Disaster Area


You were on level 5 of the Lair of Beasts.
You worshipped Qazlal.
Qazlal was extremely pleased with you.
You visited 3 branches of the dungeon, and saw 16 of its levels.
You also visited: Sewer.

You collected 862 gold pieces.
You spent 68 gold pieces at shops.

Inventory:

Hand Weapons
 J - a +2 dagger of venom
 O - the +3 rapier of Tontel (weapon) {elec, *Slow rElec Int+3}
   (You found it on level 4 of the Lair of Beasts)

   Occasionally, upon striking a foe, it can discharge electrical energy and
   cause terrible harm.
   It affects your intelligence (+3).
   It insulates you from electricity.
   It may slow you when you take damage.
Armour
 y - a +3 troll leather armour (worn) {Snorg}
 A - a +2 cloak (worn)
 G - a +2 hat (worn)
 K - a +0 buckler (worn)
Jewellery
 a - a +4 ring of slaying (right hand)
 b - a ring of willpower
 d - a ring of magical power (left hand)
 j - a ring of wizardry
 v - a ring of see invisible
 B - the ring "Bypupn" {+Fly rC+ Dex-4 Stlth+}
   (You found it on level 9 of the Dungeon)

   [ring of flight]

   It affects your dexterity (-4).
   It protects you from cold.
   It lets you fly.
   It makes you more stealthy.
 C - an amulet of faith (around neck)
 L - a ring of poison resistance
Wands
 u - a wand of iceblast (13)
 w - a wand of acid (8)
 x - a wand of random effects (24)
 D - a wand of flame (13)
 F - a wand of polymorph (8)
 I - a wand of charming (10)
 M - a wand of paralysis (7)
Scrolls
 g - 3 scrolls of magic mapping
 i - 10 scrolls of teleportation
 o - 4 scrolls of fear
 p - 3 scrolls of amnesia
 q - a scroll of fog
 s - a scroll of blinking
 t - 5 scrolls of vulnerability
 E - 2 scrolls of silence
 H - a scroll of identify
Potions
 c - 4 potions of heal wounds
 e - a potion of brilliance
 f - a potion of lignification
 h - 2 potions of magic
 k - a potion of cancellation
 l - 2 potions of invisibility
 m - 3 potions of ambrosia
 n - 2 potions of berserk rage
 r - a potion of mutation
 z - 3 potions of might
 N - 6 potions of curing {unknown}


   Skills:
 - Level 5.4 Fighting
 + Level 11.0 Dodging
 - Level 2.0 Stealth
 - Level 4.0 Shields
 - Level 8.4 Spellcasting
 + Level 9.5 Conjurations
 * Level 17.3 Air Magic
 + Level 5.3 Invocations


You had 9 spell levels left.
You knew the following spells:

 Your Spells              Type           Power        Failure   Level
a - Shock                 Conj/Air       100%         1%          1
b - Static Discharge      Conj/Air       64%          1%          3
c - Airstrike             Air            37%          1%          4
d - Lightning Bolt        Conj/Air       32%          1%          5
e - Swiftness             Air            74%          0%          2
f - Summon Lightning Spi  Summ/Air       49%          2%          4

Your spell library contained the following spells:

 Spells                   Type           Power        Failure   Level
 Foxfire                  Conj/Fire      100%         1%          1
 Dazzling Flash           Conj/Hex       62%          4%          3
 Stone Arrow              Conj/Erth      62%          4%          3
 Iskenderun's Battlesphe  Conj           52%          5%          5
 Animate Skeleton         Necr           18%          10%         1
 Apportation              Tloc           18%          10%         1
 Corona                   Hex            10%          10%         1
 Pain                     Necr           36%          10%         1
 Sandblast                Erth           18%          10%         1
 Summon Small Mammal      Summ           36%          10%         1
 Passwall                 Tmut/Erth      7%           14%         2
 Confusing Touch          Hex            9%           28%         3
 Gell's Gravitas          Tloc           4%           28%         3
 Vampiric Draining        Necr           4%           28%         3
 Bolt of Magma            Conj/Fire/Erth 12%          58%         5
 Animate Dead             Necr           4%           67%         4
 Petrify                  Tmut/Erth      9%           67%         4
 Orb of Destruction       Conj           26%          86%         7
 Iron Shot                Conj/Erth      15%          91%         6
 Agony                    Necr           9%           95%         5
 Lee's Rapid Deconstruct  Erth           4%           95%         5
 Metabolic Englaciation   Hex/Ice        4%           95%         5
 Yara's Violent Unravell  Hex/Tmut       4%           95%         5
 Malign Gateway           Summ/Tloc      4%           100%        7
 Spellforged Servitor     Conj/Summ      15%          100%        7


Dungeon Overview and Level Annotations

Branches:
Dungeon (10/15)            Temple (1/1) D:4            Lair (5/6) D:10
 Shoals (0/4) Lair:3       Spider (0/4) Lair:3        Sewer (visited)
  Slime: Lair:5-6       Orc: D:9-12

Altars:
Cheibriados
Fedhas
Gozag
Hepliaklqana
Kikubaaqudgha
Makhleb
Nemelex Xobeh
Okawaru
Qazlal
Uskayaw
Wu Jian
Yredelemnul
Zin
The Shining One

Shops:
D:6 *   D:7 *(


Innate Abilities, Weirdness & Mutations

You have a beak for a mouth.
You have claws for feet.
You can fly continuously.


Message History

Your lightning spire is engulfed in blazing flames.
Your lightning spire is engulfed in blazing flames.
There is a stone staircase leading down here.
You start resting.
Your lightning spire disappears in a puff of smoke!
Magic restored.
You fly downwards.
A water moccasin comes into view.
The water moccasin hisses angrily.
You hear a roar!
You block the cane toad's attack. The basilisk gazes at you.
You are slowing down.
The cane toad stings you!
There is a stone staircase leading up here.
The boulder beetle bites you! The cane toad closely misses you.
The basilisk gazes at you.
You easily resist.
The boulder beetle bites you!
You feel protected from physical attacks.
The cane toad stings you but does no damage.
You have turned to stone.
The boulder beetle bites you!! The cane toad stings you!
You hear a roar!
The basilisk gazes at you.
You easily resist.
The cane toad stings you but does no damage.
The boulder beetle bites you! The cane toad stings you! The basilisk bites you.
The boulder beetle bites you!
* * * LOW HITPOINT WARNING * * *
You feel more protected from physical attacks.
The cane toad stings you!
* * * LOW HITPOINT WARNING * * *
The basilisk gazes at you.
You easily resist.
The boulder beetle bites you but does no damage.
The water moccasin bites you but does no damage.
The cane toad stings you!
* * * LOW HITPOINT WARNING * * *
The water moccasin bites you but does no damage.
The basilisk barely misses you. The boulder beetle bites you!!
You die...

≈..PP.♣ ≈......
##.......
###.......
#.......#
##○§...P#
#.°F§°.##
#@☼..#
....P☼BlS.##
.#........#
#...........
.........#)..
P..............
.......PPP ....
...#....P....P.


You could see a boulder beetle, a cane toad, a basilisk and a water moccasin.

Vanquished Creatures
  Snorg (D:10)
  Erolcha (D:9)
  4 hydras
  A boulder beetle (Lair:2)
  2 two-headed ogres
  3 elephants
  Joseph (Lair:1)
  7 cane toads
  A gargoyle (D:9)
  A black mamba (Lair:3)
  7 komodo dragons
  2 trolls (D:9)
  A polar bear (Lair:4)
  5 blink frogs
  20 yaks
  A wraith (D:9)
  4 redbacks (Lair:3)
  A wyvern (D:10)
  3 steam dragons
  6 basilisks
  14 water moccasins
  2 orc warriors
  4 sky beasts
  4 black bears
  A hornet zombie (D:10)
  2 ogres (D:5)
  16 wolves
  3 centaurs
  2 phantoms
  8 bullfrogs
  A wyvern skeleton (D:9)
  3 scorpions
  2 vampire bats (D:3)
  15 killer bees
  5 howler monkeys
  8 electric eels
  A bullfrog zombie (D:5)
  2 quasits
  4 orc priests
  3 centaur skeletons
  6 hounds
  2 jellies
  A bullfrog skeleton (D:9)
  An iron imp (D:5)
  7 iguanas
  7 orc wizards
  2 worker ants (D:7)
  2 killer bee zombies
  A hound skeleton (D:9)
  A worker ant zombie (D:5)
  A gnoll (D:9)
  13 adders
  A shadow imp (D:6)
  A white imp (D:7)
  2 oozes
  3 worms
  4 dart slugs
  5 leopard geckos
  31 orcs
  7 giant cockroaches
  2 goblins
  12 hobgoblins
  13 jackals
  13 kobolds
  5 quokkas
  A ball python (D:2)
  11 bats
  6 frilled lizards
  3 jackal skeletons
  A quokka skeleton (D:5)
  8 rats
345 creatures vanquished.

Vanquished Creatures (collateral kills)
  A hydra (Lair:4)
  Urug (Lair:3)
  An elephant (Lair:2)
  4 cane toads (Lair:4)
  A jumping spider (Lair:3)
  5 blink frogs
  3 redbacks (Lair:3)
  7 yaks
  A water moccasin (Lair:1)
  2 ogres (D:10)
  4 wolves (Lair:4)
  A nameless horror (Lair:2)
31 creatures vanquished.

Vanquished Creatures (others)
  An adder zombie (D:8)
  44 fungi
  69 plants
114 creatures vanquished.

Grand Total: 490 creatures vanquished

Notes
Turn   | Place    | Note
-------+----------+-------------------------------------------
     0 | D:1      | GEC the Tengu Air Elementalist began the quest for the Orb.
     0 | D:1      | Reached XP level 1. HP: 10/10 MP: 4/4
   245 | D:1      | Reached XP level 2. HP: 9/15 MP: 0/6
  1417 | D:2      | Found a sparkling altar of Nemelex Xobeh.
  1492 | D:2      | Reached XP level 3. HP: 19/19 MP: 7/7
  2156 | D:2      | Found a hide-covered altar of Uskayaw.
  2166 | D:2      | Reached skill level 5 in Air Magic
  2399 | D:2      | Reached XP level 4. HP: 14/24 MP: 8/8
  3186 | D:3      | Learned a level 3 spell: Static Discharge
  3687 | D:3      | Gained mutation: You can fly continuously. [Tengu growth]
  3687 | D:3      | Reached XP level 5. HP: 20/28 MP: 10/10
  3857 | D:3      | Reached skill level 6 in Air Magic
  4127 | D:3      | Reached XP level 6. HP: 32/32 MP: 11/11
  4505 | D:3      | Learned a level 4 spell: Airstrike
  4543 | D:4      | Noticed a two-headed ogre
  4709 | D:4      | Found a glowing drain.
  4716 | Sewer    | Entered a sewer
  4818 | Sewer    | Noticed a water moccasin
  4828 | Sewer    | Killed a water moccasin
  4829 | Sewer    | Reached skill level 7 in Air Magic
  4829 | Sewer    | Reached XP level 7. HP: 36/36 MP: 12/13
  5025 | D:4      | Found a staircase to the Ecumenical Temple.
  5034 | Temple   | Entered the Ecumenical Temple
  5058 | Temple   | Became a worshipper of Qazlal Stormbringer
  5220 | D:4      | Killed a two-headed ogre
  5221 | D:4      | Reached skill level 5 in Dodging
  5221 | D:4      | Reached skill level 5 in Conjurations
  5221 | D:4      | Reached skill level 9 in Air Magic
  5221 | D:4      | Reached XP level 8. HP: 41/41 MP: 2/15
  5344 | D:4      | Learned a level 5 spell: Lightning Bolt
  5825 | D:4      | Found a burning altar of Makhleb.
  5920 | D:5      | Entered Level 5 of the Dungeon
  6251 | D:5      | Found a snail-covered altar of Cheibriados.
  6554 | D:5      | Reached skill level 10 in Air Magic
  6554 | D:5      | Reached XP level 9. HP: 45/45 MP: 17/17
  7456 | D:6      | Found an ancient bone altar of Kikubaaqudgha.
  7551 | D:6      | Reached * piety under Qazlal
  7552 | D:6      | Reached skill level 5 in Spellcasting
  7664 | D:6      | Found Pesoameo's General Store.
  8342 | D:7      | Found Arablom's Weapon Boutique.
  8530 | D:7      | Found Baudorekk's Assorted Antiques.
  8550 | D:7      | Bought a scroll of identify for 68 gold pieces
  8774 | D:7      | Learned a level 2 spell: Swiftness
  8808 | D:7      | Reached skill level 11 in Air Magic
  9377 | D:8      | Reached skill level 1 in Fighting
  9684 | D:8      | Found a glowing silver altar of Zin.
  9684 | D:8      | Noticed an angel
  9962 | D:8      | Noticed a two-headed ogre
  9966 | D:8      | Killed a two-headed ogre
  9967 | D:8      | Reached skill level 12 in Air Magic
  9967 | D:8      | Reached XP level 10. HP: 54/54 MP: 11/20
 10299 | D:8      | Found an ornate altar of the Wu Jian Council.
 10627 | D:8      | Found a stormy altar of Qazlal.
 11494 | D:9      | Noticed Erolcha
 11510 | D:9      | Killed Erolcha
 11667 | D:9      | Reached ** piety under Qazlal
 11674 | D:9      | Reached skill level 13 in Air Magic
 12135 | D:9      | Got a transparent ivory ring
 12138 | D:9      | Identified the ring "Bypupn" {+Fly rC+ Dex-4 Stlth+} (You
                  | found it on level 9 of the Dungeon)
 12190 | D:9      | Noticed a gargoyle
 12192 | D:9      | Killed a gargoyle
 12193 | D:9      | Reached XP level 11. HP: 62/62 MP: 15/22
 12883 | D:10     | Entered Level 10 of the Dungeon
 13360 | D:10     | Reached skill level 5 in Fighting
 13360 | D:10     | Reached skill level 14 in Air Magic
 13404 | D:10     | Found a staircase to the Lair.
 13608 | D:10     | Found a glowing golden altar of the Shining One.
 13826 | D:10     | Identified the Compendium of Excruciating Creation
 13834 | D:10     | Learned a level 4 spell: Summon Lightning Spire
 13926 | D:10     | Noticed Snorg
 14224 | D:10     | Killed Snorg
 14637 | Lair:1   | Entered Level 1 of the Lair of Beasts
 14637 | Lair:1   | Noticed an eight-headed hydra
 14678 | D:10     | Killed an eight-headed hydra
 14766 | Lair:1   | Reached skill level 1 in Invocations
 15269 | Lair:1   | Reached *** piety under Qazlal
 15345 | Lair:1   | Noticed Joseph
 15360 | Lair:1   | Killed Joseph
 15451 | Lair:1   | Reached skill level 15 in Air Magic
 15810 | Lair:1   | Reached XP level 12. HP: 68/68 MP: 25/25
 16071 | Lair:1   | Noticed a six-headed hydra
 16103 | Lair:1   | Killed a six-headed hydra
 16789 | Lair:2   | Reached skill level 10 in Dodging
 16992 | Lair:2   | Noticed a boulder beetle
 16999 | Lair:2   | Killed a boulder beetle
 17421 | Lair:2   | Reached skill level 16 in Air Magic
 17553 | Lair:2   | Reached skill level 1 in Shields
 17643 | Lair:2   | Noticed a five-headed hydra
 17643 | Lair:2   | Noticed an eight-headed hydra
 17664 | Lair:2   | Killed a five-headed hydra
 17664 | Lair:2   | Reached **** piety under Qazlal
 18311 | Lair:2   | Killed an eight-headed hydra
 19253 | Lair:3   | Found a staircase to the Shoals.
 19479 | Lair:3   | Noticed Urug
 19559 | Lair:3   | Killed Urug
 19560 | Lair:3   | Reached XP level 13. HP: 71/73 MP: 12/26
 19781 | Lair:3   | Found a hole to the Spider Nest.
 20236 | Lair:4   | Reached skill level 17 in Air Magic
 20248 | Lair:4   | Reached skill level 5 in Invocations
 20694 | Lair:4   | Reached ***** piety under Qazlal
 20912 | Lair:4   | Got a steaming rapier
 20914 | Lair:4   | Identified the +3 rapier of Tontel {elec, *Slow rElec
                  | Int+3} (You found it on level 4 of the Lair of Beasts)
 21019 | Lair:4   | Got a transparent robe
 21063 | Lair:4   | Identified the +1 robe "Reigramm" {+Inv rF+} (You found it
                  | on level 4 of the Lair of Beasts)
 22057 | Lair:5   | Slain by a boulder beetle

Illustrated notes

Levels and vault maps discovered:
D:1:      amcnicky_arrival_flooded_fountain, layout_basic
D:2:      layout_loops_corners, nicolae_overflow_crystal_walls,
          eat_drink_and_be_merry_uskayaw, minmay_tiny_reverse_x
D:3:      layout_rooms, kennysheep_cross_room, minmay_curled_crystal,
          roderic_batcave, minmay_statues_item
D:4:      layout_cave_pools, kennysheep_mini, minmay_temple_entry_water_ring,
          gup_sewer_entry_bubbles, amcnicky_mini_pool_small
D:5:      layout_rooms, serial_aquarium, aquarium_bridge_long_joined
          [aquarium_subvault_bridge, aquarium_subvault_window,
          aquarium_subvault_window, aquarium_subvault_wall,
          aquarium_subvault_wall, aquarium_subvault_wall], aquarium_window_1,
          aquarium_window_corner, aquarium_window_corridor_3, aquarium_window_2,
          aquarium_view_2e, aquarium_view_2b, aquarium_balcony_5b,
          aquarium_pool_five, hangedman_decor_riveting, minivault_19,
          chei_slow_surprise
D:6:      layout_loops_corners, nicolae_overflow_hidden_temple, serial_shops,
          nicolae_shop_statue_plus
D:7:      layout_gridville, serial_shops, shop, kennysheep_little_box
D:8:      layout_loops_corners, zin_angel, nzn_wu_jian_council_hall,
          serial_bayou, serial_bayou_pond_e, serial_bayou_shore_b,
          serial_bayou_lagoon_b, serial_bayou_shore_b, grunt_qazlal_clouds
D:9:      minmay_the_grid_four_pointed_star
          [minmay_the_grid_triangle_9x9_swiss_cheese,
          minmay_the_grid_triangle_9x9_semitri,
          minmay_the_grid_triangle_9x9_intruding_spiral,
          minmay_the_grid_triangle_9x9_wacky_v,
          minmay_the_grid_prize_four_corners_diamond_a], layout_irregular_city,
          uniq_erolcha
D:10:     layout_small_grid, minmay_lair_entry_grove, tso_metal_star, uniq_snorg
Temple:   nicolae_temple_elliptical
Lair:1:   layout_gridlike, grunt_forest_small_clearing_treed,
          grunt_megastairs_5, uniq_joseph
Lair:2:   layout_roguey
Lair:3:   layout_layer_cave, minmay_shoals_entry_centaurs,
          nicolae_spider_entry_tight_spaces, chequers_serial_rivers_micro_a,
          uniq_urug
Lair:4:   layout_regular_city, serial_bayou_pond_b, columned_hall_lemuel,
          disabler_island
Lair:5:   layout_misc_corridors, roderic_carrion_pond, serial_bayou_shore_a,
          lemuel_fruit_tree, serial_bayou_shore_b

Skill      XL: |  1  2  3  4  5  6  7  8  9 10 11 12 13 |
---------------+----------------------------------------+-----
Conjurations   | 2 3 4 5 6 7 8 9 |  9.5
Air Magic      | 5 6 7 9 10 12 13 15 16 17 | 17.3
Dodging        | 3 4 5 7 8 9 10 11 | 11.0
Spellcasting   | 3 4 6 8 |  8.4
Fighting       | 2 4 5 |  5.4
Invocations    | 2 4 5 |  5.3
Shields        | 2 4 |  4.0
Stealth        | |  2.0

Action                   |  1- 3 |  4- 6 |  7- 9 | 10-12 | 13-15 || total
-------------------------+-------+-------+-------+-------+-------++-------
Melee: Unarmed           |     6 |       |       |       |       ||     6
       Peck              |     2 |       |       |     5 |     5 ||    12
       Kick              |     1 |       |       |     4 |     5 ||    10
       Dagger            |       |       |       |    25 |    12 ||    37
 Cast: Shock             |    87 |   168 |   177 |   196 |    15 ||   643
       Airstrike         |       |       |    40 |   189 |    36 ||   265
       Static Discharge  |       |       |     1 |     2 |     3 ||     6
       Lightning Bolt    |       |       |     2 |    29 |     7 ||    38
       Summon Lightning  |       |       |       |    26 |    12 ||    38
Invok: Upheaval          |       |       |       |       |     1 ||     1
 Abil: Fly               |       |     1 |       |       |       ||     1
  Use: Scroll            |       |     9 |    10 |    12 |       ||    31
       Potion            |       |     1 |       |     1 |       ||     2
 Stab: Distracted        |       |       |       |       |     1 ||     1
Armor: Robe              |       |     3 |     3 |       |       ||     6
       Skin              |       |     6 |       |       |       ||     6
       Leather armour    |       |       |       |     2 |       ||     2
       Troll leather arm |       |       |       |     5 |     8 ||    13
Dodge: Dodged            |     6 |    28 |    39 |    81 |    19 ||   173
Block: Other             |       |       |       |    10 |       ||    10
       Buckler           |       |       |       |    10 |    18 ||    28

Table legend: (Time is in decaauts)
 A = Elapsed time spent in this place.
 B = Non-inter-level travel time spent in this place.
 C = Inter-level travel time spent in this place.
 D = Time resting spent in this place.
 E = Time spent auto-exploring this place.
 F = Levels seen in this place.
 G = Mean time per level.
                   A        B        C        D        E       F      G
               +--------+--------+--------+--------+--------+-----+--------+
         Total |  21109 |  20478 |    631 |   6202 |  11459 |  17 | 1241.7 |
       Dungeon |  13925 |  13506 |    419 |   3258 |   8587 |  10 | 1392.5 |
        Temple |     40 |     40 |      0 |      0 |      0 |   1 |   40.0 |
          Lair |   6935 |   6723 |    212 |   2841 |   2810 |   5 | 1387.0 |
         Sewer |    208 |    208 |      0 |    102 |     61 |   1 |  208.0 |
               +--------+--------+--------+--------+--------+-----+--------+

Top non-repeatable levels by time:
  Lair:1: 2173 daAuts
     D:2: 1821 daAuts
    D:10: 1798 daAuts
  Lair:4: 1762 daAuts
     D:8: 1749 daAuts
  Lair:2: 1507 daAuts
  Lair:3: 1472 daAuts
     D:9: 1444 daAuts
     D:7: 1438 daAuts
     D:1: 1367 daAuts
     D:3: 1292 daAuts
     D:4: 1108 daAuts
     D:5: 1093 daAuts
     D:6: 811 daAuts
   Sewer: 208 daAuts
